 Dungeon Crawl Stone Soup version 0.19.0-24-gb05acd6 (webtiles) character file.

1415 ChaseSP the Changer (level 8, -1/37 HPs)
             Began as a Vine Stalker Transmuter on Nov 22, 2016.
             Killed from afar by a steam dragon (17 damage)
             ... with a ball of steam
             ... on level 5 of the Dungeon on Nov 23, 2016.
             The game lasted 00:18:29 (5671 turns).

ChaseSP the Changer (Vine Stalker Transmuter)       Turns: 5671, Time: 00:18:30

Health: -1/37      AC:  2    Str: 13    XL:     8   Next: 71%
Magic:  0/11       EV: 19    Int: 13    God:
Gold:   155        SH:  2    Dex: 24    Spells: 4 memorised, 1 level left

rFire  . . .     SeeInvis .       - Unarmed
rCold  . . .     Gourm    .     (armour currently unavailable)
rNeg   . . .     Faith    .     (shield currently unavailable)
rPois  x         Spirit   +     (helmet currently unavailable)
rElec  .         Reflect  +     (cloak currently unavailable)
rCorr  .         Harm     .     (gloves currently unavailable)
MR     +....     Rnd*Rage +     (boots currently unavailable)
Stlth  +++.......               t - +2 amulet of reflection
                                (no ring)
                                (no ring)

@: spider-form, very slightly contaminated
A: (fangs 0), agile 1, berserk 1, low mp 1, regeneration 1, magic shield,
(antimagic bite), no device heal 3, rot immunity, subdued magic 1
a: End Transformation


You were on level 5 of the Dungeon.
You were near starving.
You were a venomous arachnid creature.
You visited 1 branch of the dungeon, and saw 5 of its levels.
You also visited: Sewer.

You collected 155 gold pieces.

Inventory:

Missiles
 a - 80 arrows
 p - 4 tomahawks of returning (quivered)
Armour
 b - a +1 pair of gloves (melded)
 r - a +0 pair of boots (melded)
 x - a +0 helmet (melded)
 F - a +0 troll leather armour (melded) {Purgy}
 I - a +0 ring mail
Jewellery
 t - a +2 amulet of reflection (around neck)
Wands
 h - a wand of iceblast (8/15)
 z - a wand of digging (24/24)
Scrolls
 g - 2 scrolls of remove curse
 l - a scroll of random uselessness {unknown}
 n - a scroll of enchant armour {unknown}
 q - a scroll of immolation {unknown}
 y - a scroll of noise {unknown}
 B - 2 scrolls of blinking {unknown}
 C - 2 scrolls of fear {unknown}
 D - 2 scrolls of enchant weapon
 E - a scroll of amnesia {unknown}
 G - 2 scrolls of teleportation {unknown}
Potions
 e - 3 potions of heal wounds
 f - a potion of flight {unknown}
 i - 4 potions of might
 j - 3 potions of lignification
 o - a potion of cure mutation {unknown}
 s - a potion of haste {unknown}
 v - 2 potions of brilliance
 w - a potion of curing {unknown}
 A - a potion of magic
Books
 c - a book of Changes

   Spells                             Type                      Level
   a - Beastly Appendage              Transmutation                1
   b - Sticks to Snakes               Transmutation                2
   c - Spider Form                    Transmutation/Poison         3
   d - Ice Form                       Ice/Transmutation            4
   e - Blade Hands                    Transmutation                5
Comestibles
 d - 2 bread rations
 k - 3 meat rations
 m - 3 beef jerkies
 H - 2 fruits


   Skills:
 - Level 0.8 Fighting
 - Level 1.5 Dodging
 + Level 3.4 Stealth
 + Level 5.6 Unarmed Combat
 - Level 2.1 Spellcasting
 * Level 7.2 Transmutations
 * Level 3.7 Ice Magic
 - Level 3.4 Poison Magic


You had one spell level left.
You knew the following spells:

 Your Spells              Type           Power        Failure   Level  Hunger
a - Beastly Appendage     Tmut           ###...       4%          1    ##.....
b - Sticks to Snakes      Tmut           ###.....     6%          2    ###....
c - Spider Form           Tmut/Pois      ##........   24%         3    ####...
d - Ice Form              Ice/Tmut       ##......     45%         4    #####..


Dungeon Overview and Level Annotations

Branches:
Dungeon (5/15)
 Temple: D:4-7

Altars:
Dithmenos
Nemelex Xobeh
Okawaru
Qazlal
Trog
Xom

Annotations:
D:4 Janus's ghost, amateur FoFi


Innate Abilities, Weirdness & Mutations

((You have razor-sharp teeth.))
Your natural rate of healing is unusually fast.
When hurt, damage is shared between your health and your magic reserves.
((Your bite disrupts and absorbs the magic of your enemies.))
Potions and wands cannot restore your health.
You are immune to rotting.
You are agile. (Dex +2)
You tend to lose your temper in combat.
Your magical capacity is low. (-10% MP)
Your spells are a little easier to cast, but a little less powerful.


Message History

You hit the steam dragon.
The steam dragon looks as sick as possible!
The steam dragon is heavily wounded.
You are engulfed in a cloud of scalding steam.
The fungus is engulfed in a cloud of scalding steam. x4
The steam dragon barely misses you. The steam dragon misses you.
You hit the steam dragon.
The steam dragon looks as sick as possible!
The steam dragon is severely wounded.
The fungus is engulfed in a cloud of scalding steam. x3
The fungus is destroyed!
The steam dragon completely misses you. x2
You closely miss the steam dragon.
The steam dragon is severely wounded.
The fungus is engulfed in a cloud of scalding steam.
The fungus is destroyed!
The fungus is engulfed in a cloud of scalding steam.
The steam dragon breathes steam at you. The ball of steam hits you!
You die...

.## #..# ##..##....).....#.###
..####.## ###...##...).......#...
#......## #......#...........#...
#.......#######.............##..#
#......##≈.≈**##...........######
.....†##.P≈..*#.......########.≈.
......#,......#########≈.≈P≈..P..
......#,....≈≈≈≈≈P§PPP≈..........
......#,.......Ds.§.§§.^P≈P≈.≈≈P.
......##^...≈≈≈PP.P.#######PP≈...
.......#.≈.≈≈.#######.....###P≈P.
.......###..##### #.......#####
.........####...#####...####..#.#
#.......##..#.......#....####....
##...######.#..###........##.....
##.#..#####.#.## ##...###.....#..
#.###...##....## ##..## ##.....#.


You could see a steam dragon.

Vanquished Creatures
  Grinder (D:3)
  Purgy (Sewer)
  2 sky beasts (D:5)
  A centaur (D:5)
  A phantom (D:5)
  A howler monkey (D:5)
  A crimson imp (D:5)
  A jelly (D:5)
  An orc wizard (D:3)
  2 orc priests (D:4)
  Jessica (D:2)
  An iguana (D:5)
  Natasha (thrice) (D:2)
  3 worker ants
  A worker ant zombie (D:5)
  Robin (D:2)
  8 gnolls
  A howler monkey skeleton (D:4)
  3 river rats (D:5)
  9 adders
  A shadow imp (D:5)
  2 oozes
  8 worms
  5 dart slugs
  4 leopard geckos
  16 orcs
  9 bats
  4 giant cockroaches
  12 goblins
  11 hobgoblins
  6 jackals
  8 kobolds
  3 ball pythons
  14 frilled lizards
  A jackal zombie (D:5)
  9 rats
156 creatures vanquished.

Vanquished Creatures (others)
  A goblin (D:2)
  2 fungi (D:5)
3 creatures vanquished.

Grand Total: 159 creatures vanquished

Notes
Turn   | Place    | Note
-------+----------+-------------------------------------------
     0 | D:1      | ChaseSP the Vine Stalker Transmuter began the quest for the Orb.
     0 | D:1      | Reached XP level 1. HP: 9/9 MP: 4/4
    87 | D:1      | Reached XP level 2. HP: 10/14 MP: 4/6
   476 | D:1      | Reached skill level 3 in Transmutations
   728 | D:1      | Reached XP level 3. HP: 11/17 MP: 7/7
  1312 | D:1      | Learned a level 2 spell: Sticks to Snakes
  1316 | D:1      | Learned a level 3 spell: Spider Form
  1331 | D:2      | Reached skill level 4 in Transmutations
  1717 | D:2      | Noticed Jessica
  1748 | D:2      | Gained mutation: Your natural rate of healing is unusually fast. [Vine Stalker growth]
  1748 | D:2      | Reached XP level 4. HP: 14/21 MP: 8/8
  1770 | D:2      | Killed Jessica
  1770 | D:2      | Reached skill level 1 in Poison Magic
  1820 | D:2      | Noticed Robin
  1930 | D:2      | Killed Robin
  1991 | D:2      | Reached XP level 5. HP: 25/25 MP: 9/9
  2078 | D:2      | Found a stormy altar of Qazlal.
  2101 | D:2      | Noticed Natasha
  2121 | D:2      | Killed Natasha
  2223 | D:2      | Found a shadowy altar of Dithmenos.
  2302 | D:2      | Noticed Natasha
  2320 | D:2      | Killed Natasha
  2437 | D:2      | Noticed Natasha
  2450 | D:2      | Killed Natasha
  2528 | D:2      | Found an iron altar of Okawaru.
  2538 | D:2      | Reached XP level 6. HP: 22/29 MP: 10/10
  2731 | D:3      | Noticed Grinder
  2775 | D:3      | Killed Grinder
  2775 | D:3      | Reached skill level 5 in Transmutations
  2816 | D:3      | Reached XP level 7. HP: 17/32 MP: 3/11
  3447 | D:4      | Noticed Janus's ghost (amateur FoFi)
  3457 | D:3      | Reached skill level 1 in Stealth
  3673 | D:4      | Reached skill level 6 in Transmutations
  3970 | D:4      | Reached skill level 5 in Unarmed Combat
  4018 | D:4      | Learned a level 4 spell: Ice Form
  4174 | D:5      | Entered Level 5 of the Dungeon
  4184 | D:5      | Reached skill level 1 in Ice Magic
  4215 | D:5      | Found a shimmering altar of Xom.
  4229 | D:5      | Found a sparkling altar of Nemelex Xobeh.
  4253 | D:5      | Gained mutation: You have razor-sharp teeth. [Vine Stalker growth]
  4253 | D:5      | Reached XP level 8. HP: 30/37 MP: 9/12
  4281 | D:5      | Found a glowing drain.
  4332 | Sewer    | Entered a sewer
  4391 | Sewer    | Noticed Purgy
  4400 | Sewer    | Killed Purgy
  4776 | D:5      | Found a bloodstained altar of Trog.
  5199 | D:5      | Reached skill level 7 in Transmutations
  5204 | D:5      | Gained mutation: You are agile. (Dex +2) [mutagenic meat]
  5205 | D:5      | Gained mutation: You tend to lose your temper in combat. [mutagenic meat]
  5206 | D:5      | Lost mutation: You tend to lose your temper in combat. [mutagenic meat]
  5208 | D:5      | Gained mutation: You tend to lose your temper in combat. [mutagenic meat]
  5486 | D:5      | Gained mutation: Your magical capacity is low. (-10% MP) [mutagenic meat]
  5487 | D:5      | Gained mutation: Your spells are a little easier to cast, but a little less powerful. [mutagenic meat]
  5671 | D:5      | Killed from afar by a steam dragon

Skill      XL: |  1  2  3  4  5  6  7  8 |
---------------+-------------------------+-----
Transmutations | 3 4 5 6 7 |  7.2
Poison Magic   | 1 2 3 |  3.4
Unarmed Combat | 4 5 |  5.6
Stealth        | 2 3 |  3.4
Ice Magic      | 1 3 |  3.7
Fighting       | |  0.8
Dodging        | |  1.5
Spellcasting   | |  2.1

Action                   |  1- 3 |  4- 6 |  7- 9 || total
-------------------------+-------+-------+-------++-------
Melee: Unarmed           |   133 |   135 |   407 ||   675
       Bite              |    32 |    28 |    93 ||   153
       Punch             |     2 |     1 |     3 ||     6
       Headbutt          |     2 |     4 |       ||     6
 Cast: Beastly Appendage |     3 |     2 |       ||     5
       Spider Form       |       |     5 |    10 ||    15
  Use: Scroll            |       |     4 |     6 ||    10
 Stab: Sleeping          |       |     1 |     2 ||     3
  Eat: Chunk             |     3 |     4 |    16 ||    23
       Fruit             |       |       |     1 ||     1
Armor: Robe              |    24 |    24 |     6 ||    54
       Ring mail         |       |       |    50 ||    50
       Skin              |       |       |     4 ||     4
       Troll leather arm |       |       |    24 ||    24
Dodge: Dodged            |    93 |    82 |   219 ||   394
Block: Other             |       |       |    21 ||    21
